 Dungeon Crawl Stone Soup version 0.14.2 (webtiles) character file.

268 theanonym the Slasher (level 5, 0/36 HPs)
             Began as a High Elf Death Knight on Dec 6, 2018.
             Was a Priest of Yredelemnul.
             Slain by a green rat (6 damage)
             ... in a sewer.
             The game lasted 00:07:07 (2402 turns).

theanonym the Slasher (High Elf Death Knight)       Turns: 2402, Time: 00:07:08

HP   0/36        AC  9     Str 15      XL: 5   Next: 45%
MP  11/11        EV  9     Int 15      God: Yredelemnul [***...]
Gold 72          SH  0     Dex 14      Spells:  0 memorised,  4 levels left

rFire  . . .     SeeInvis .     a - +1 falchion
rCold  . . .     Clarity  .     h - +2 ring mail {rPois}
rNeg   . . .     Conserve .     (no shield)
rPois  +         rCorr    .     (no helmet)
rElec  .         rRot     .     (no cloak)
SustAb . .       Spirit   .     n - +1 pair of gloves
rMut   .         Warding  .     (no boots)
Saprov . . .     Stasis   .     (no amulet)
MR     .....                    u - +2 ring of strength
                                (no ring)

@: very slightly contaminated, not resistant to hostile enchantments, very
unstealthy
A: no striking features
a: Animate Dead, Recall Undead Slaves, Injury Mirror, Renounce Religion


   Skills:
 + Level 3.2 Fighting
 * Level 5.0 Long Blades
 + Level 2.6 Armour
 - Level 1.1 Dodging
 - Level 3.0 Invocations


You had 4 spell levels left.
You didn't know any spells.

Action                   |  1- 3 |  4- 6 || total
-------------------------+-------+-------++-------
Melee: Falchion          |   124 |   101 ||   225
Invok: Animate Remains   |    10 |     4 ||    14
Evoke: Wand              |     1 |     2 ||     3
  Use: Potion            |     1 |     4 ||     5
       Scroll            |       |    14 ||    14
 Stab: Invisible         |       |    11 ||    11

Inventory:

Hand weapons
 a - a +1,+1 falchion (weapon)
Armour
 b - a +0 leather armour
 h - a +2 ring mail of poison resistance (worn)
   (You found it on level 1 of the Dungeon)
 n - a +1 pair of gloves (worn)
   (You found it on level 3 of the Dungeon)
Magical devices
 x - a wand of invisibility (7)
   (You found it on level 2 of the Dungeon)
Comestibles
 c - 3 bread rations
 f - a rotting chunk of rat flesh
 o - a meat ration
Scrolls
 g - 2 scrolls of magic mapping
Jewellery
 j - an uncursed ring of sustain abilities
   (You found it on level 1 of the Dungeon)
 u - a +2 ring of strength (right hand)
   (You found it on level 3 of the Dungeon)
Potions
 i - a potion of invisibility
 r - a potion of confusion
 s - a potion of restore abilities
 z - a potion of haste
Books
 v - a book of Fire
   (You found it on level 2 of the Dungeon)

   You were in a sewer.
   You worshipped Yredelemnul.
   Yredelemnul was most pleased with you.
   You were not hungry.
   You visited 1 branch of the dungeon, and saw 3 of its levels.
   You also visited: Sewer.
   You collected 72 gold pieces.

Dungeon Overview and Level Annotations

Branches:
Dungeon (3/15)

Altars:

Annotations:
D:2 1 exclusion

### ####### ###### ###..##
###r@...## ###..%.#
.###.....####...r....####....%%+
................###............#
......##.......###..........≈≈≈#
....####........##.....##...≈≈≈#
.....##...............####.≈≈≈≈≈≈
≈r≈r≈..r.......≈≈≈.≈≈## ≈≈≈≈≈≈≈≈≈
≈≈≈≈≈.≈≈.≈≈≈≈..≈≈≈≈≈≈≈≈≈≈≈≈≈≈≈≈≈≈
≈≈≈≈=≈≈≈≈≈≈≈≈≈≈≈≈≈≈≈≈≈≈≈≈≈≈≈≈≈≈≈≈


You could see a green rat and a rat.

Notes
Turn   | Place    | Note
--------------------------------------------------------------
     0 | D:1      | theanonym, the High Elf Death Knight, began the quest for the Orb.
     0 | D:1      | Reached XP level 1. HP: 14/14 MP: 3/3
    97 | D:1      | Reached skill level 1 in Armour
   124 | D:1      | HP: 7/14 [giant cockroach (1)]
   126 | D:1      | Reached skill level 3 in Long Blades
   126 | D:1      | Reached XP level 2. HP: 9/19 MP: 4/4
   486 | D:1      | HP: 9/19 [bat (1)]
   491 | D:1      | HP: 8/19 [bat (1)]
  1218 | D:2      | Reached XP level 3. HP: 17/25 MP: 7/7
  1224 | D:2      | Acquired Yredelemnul's second power
  1652 | D:2      | Noticed Ijyb
  1662 | D:2      | Killed Ijyb
  1662 | D:2      | Reached skill level 4 in Long Blades
  1725 | D:2      | HP: 10/25 [giant goldfish zombie (9)]
  1726 | D:2      | HP: 4/25 [giant goldfish zombie (4)]
  1804 | D:2      | HP: 6/25 [kobold/glowing short sword (4)]
  2021 | D:3      | Reached XP level 4. HP: 25/30 MP: 9/9
  2048 | D:3      | Reached skill level 2 in Armour
  2139 | D:3      | Found a glowing drain.
  2144 | Sewer    | Entered a sewer
  2182 | Sewer    | Noticed a big kobold
  2193 | Sewer    | HP: 15/30 [big kobold (2)]
  2198 | Sewer    | HP: 10/30 [kobold/whip (3)]
  2204 | Sewer    | HP: 5/30 [kobold/whip (2)]
  2212 | Sewer    | Killed a big kobold
  2212 | Sewer    | Reached skill level 3 in Fighting
  2212 | Sewer    | Reached XP level 5. HP: 23/36 MP: 11/11
  2278 | Sewer    | HP: 17/36 [green rat (8)]
  2284 | Sewer    | HP: 7/36 [green rat (6)]
  2290 | Sewer    | HP: 15/36 [green rat (3)]
  2296 | Sewer    | HP: 15/36 [green rat (1)]
  2298 | Sewer    | Reached skill level 5 in Long Blades
  2304 | Sewer    | HP: 13/36 [rat (1)]
  2342 | Sewer    | HP: 14/36 [adder (3)]
  2350 | Sewer    | HP: 13/36 [adder (2)]
  2357 | Sewer    | HP: 11/36 [ball python (1)]
  2360 | Sewer    | Acquired Yredelemnul's third power
  2364 | Sewer    | HP: 11/36 [rat (1)]
  2400 | Sewer    | HP: 8/36 [green rat (7)]
  2402 | Sewer    | Slain by a green rat

Vanquished Creatures
  A big kobold (Sewer)
  Ijyb (D:2)
  2 adders
  3 green rats (Sewer)
  An orc (D:3)
  9 bats
  4 giant cockroaches
  2 goblins (D:1)
  5 hobgoblins (D:1)
  A quokka (D:2)
  6 ball pythons
  A giant gecko (D:2)
  3 giant newts
  10 kobolds
  16 rats
65 creatures vanquished.

Vanquished Creatures (collateral kills)
  A worm (D:2)
  A bat (D:1)
  A goblin (D:2)
  A rat (D:2)
4 creatures vanquished.

Vanquished Creatures (others)
  An adder zombie (D:2)
  2 ball python zombies (D:2)
  A goblin zombie (D:2)
  2 rat zombies (Sewer)
6 creatures vanquished.

Grand Total: 75 creatures vanquished

Table legend:
 A = Turns spent in this place as a percentage of turns spent in the entire game.
 B = Non-inter-level travel turns spent in this place as a percentage of non-inter-level travel turns spent in the entire game.
 C = Inter-level travel turns spent in this place as a percentage of turns spent in this place.
 D = Turns resting spent in this place as a percentage of non-inter-level travel turns spent in this place.
 E = Turns spent auto-exploring this place as a percentage of non-inter-level travel turns spent in this place.
 F = Non-inter-level travel turns spent in this place divided by the number of levels of this place that you've seen.
                   A       B       C       D       E      F
               +-------+-------+-------+-------+-------+----------------------
         Total | 100.0 | 100.0 |   0.5 |   3.7 |  10.8 | 195.0
       Dungeon |  79.3 |  79.2 |   0.6 |   3.6 |  13.1 | 206.0
         Sewer |  20.7 |  20.8 |   0.0 |   4.3 |   1.9 | 162.0
               +-------+-------+-------+-------+-------+----------------------
